 Dungeon Crawl Stone Soup version 0.28.0-53-g5a82cb258f (webtiles) character file.

Game seed: 6534846135198546795

63 selky the Chopper (level 3, -4/31 HPs)
             Began as a Minotaur Monk on July 8, 2022.
             Killed by nerve-wracking pain
             ... invoked by Grinder
              (14 damage)
             ... on level 3 of the Dungeon.
             The game lasted 00:01:45 (1368 turns).

selky the Chopper (Minotaur Monk)                   Turns: 1368, Time: 00:01:46

Health: -4/31      AC:  5    Str: 17    XL:     3   Next: 89%
Magic:  2/2        EV: 12    Int:  7    God:
Gold:   65         SH:  0    Dex: 12    Spells: 2/2 levels left

rFire   . . .      SeeInvis .   a - +0 hand axe
rCold   . . .      Faith    .   (no shield)
rNeg    . . .      Spirit   .   b - +0 robe
rPois   .          Reflect  .   (helmet restricted)
rElec   .          Harm     .   f - +2 cloak
rCorr   .          Rampage  .   (no gloves)
Will    .....                   (no boots)
Stlth   ++........              (no amulet)
HPRegen 0.10/turn               (no ring)
MPRegen 0.08/turn               (no ring)

@: no status effects
A: horns 2, retaliatory headbutt
a: no special abilities


You were on level 3 of the Dungeon.
You visited 1 branch of the dungeon, and saw 3 of its levels.

You collected 65 gold pieces.

Inventory:

Hand Weapons
 a - a +0 hand axe (weapon)
Missiles
 h - a throwing net (quivered)
Armour
 b - a +0 robe (worn)
 f - a +2 cloak (worn)
Scrolls
 g - a scroll of fog {unknown}
 i - a scroll of holy word {unknown}


   Skills:
 - Level 3.6 Fighting
 + Level 5.9 Axes
 - Level 3.2 Dodging
 - Level 1.5 Stealth


You had 2 spell levels left.
You didn't know any spells.
Your spell library contained the following spells:

 Spells                   Type           Power      Damage    Failure   Level
 Ignite Poison            Fire/Tmut/Pois 0%         N/A       80%         3
 Mephitic Cloud           Conj/Pois/Air  0%         N/A       80%         3
 Freezing Cloud           Conj/Ice/Air   0%         6-21      100%        5


Dungeon Overview and Level Annotations

Branches:
Dungeon (2/15)

Altars:

Annotations:
D:3 Grinder


Innate Abilities, Weirdness & Mutations

You have a pair of horns on your head.
You reflexively headbutt those who attack you in melee.


Message History

Grinder is nearby!
Unknown command.
Grinder is nearby!
Grinder shouts!
Grinder says, "DUCK!"
Grinder gestures at you.
You suddenly lose the ability to move!
Grinder gestures at you.
You shrug off the repeated paralysis!
You can move again.
Okay, then.
It was a potion of curing.
You feel better.
As you read the scroll labelled PITEUTZ YCUTSEMAFF, it crumbles to dust.
It is a scroll of amnesia.
You feel forgetful for a moment.
As you read the scroll labelled REDE XASOPREU, it crumbles to dust.
You feel aware of your surroundings.
You sensed 1 altar.
It was a scroll of magic mapping.
Unknown command.
Grinder gestures at you. Pain shoots through your body!
Grinder closely misses you.
You closely miss Grinder. You headbutt Grinder.
Grinder is lightly wounded.
Grinder closely misses you.
You barely miss Grinder.
Grinder is lightly wounded.
Grinder barely misses you.
You barely miss Grinder.
Grinder is lightly wounded.
Grinder gestures at you. Pain shoots through your body!
You slash Grinder! You headbutt Grinder, but do no damage.
Grinder is moderately wounded.
Grinder hits you but does no damage.
You hit Grinder. You headbutt Grinder, but do no damage.
Grinder is moderately wounded.
Grinder gestures at you. Pain shoots through your body!
You die...

,,*,,,,,,,,*,,,<........,****,,**
,,,,*,,,,,,,,,,,....,..,,,,,,,,,,
,,,,,>,*,*,*,,,,......,,,*****,**
,,***,*,,*,*****#..,.##*,* *,,,*
,,* *,*,**,**####.....,,,* *,***
*** *,*,*,,,,,..#.#.#*******,****
****,,,,,,***#.#...# *,,,,,,,
*,,,,,,*,*####.#...# *,*,**,*
**,******,*#....@5.## *,*,**,*
*,,,*,,,.....##.#### *,*,,,,*
,,,,*,**#...,...# *,****,*
*,,,*,**###..#### *** *,****,,
*****,**,...,* **,** *,,,,,,*
*,**,##,,*****,*,** ********
*,,,,,,,,**<,,,,,,********
****,***,,,,,,,,,,,,,,,,,* *,*
*,**,*,***,******,*


You could see Grinder.

Vanquished Creatures
  2 adders (D:2)
  2 worms (D:2)
  A dart slug (D:1)
  7 endoplasms
  A giant cockroach (D:2)
  4 goblins (D:1)
  4 kobolds
  3 quokkas (D:1)
  4 ball pythons
  A bat (D:1)
  4 frilled lizards
  6 rats
39 creatures vanquished.

Notes
Turn   | Place    | Note
-------+----------+-------------------------------------------
     0 | D:1      | selky the Minotaur Monk began the quest for the Orb.
     0 | D:1      | Reached XP level 1. HP: 19/19 MP: 0/0
    90 | D:1      | Reached skill level 4 in Axes
   110 | D:1      | Reached XP level 2. HP: 25/26 MP: 1/1
   257 | D:1      | Found a faded altar of an unknown god.
   408 | D:1      | Reached skill level 5 in Axes
   618 | D:2      | Reached XP level 3. HP: 31/31 MP: 2/2
  1354 | D:2      | You fall into a shaft and drop 1 floor!
  1354 | D:3      | Noticed Grinder
  1356 | D:3      | Paralysed by Grinder for 2 turns
  1368 | D:3      | Killed from afar by Grinder

Illustrated notes

Levels and vault maps discovered:
D:1:      minmay_arrival_glassed_features, layout_basic,
          ebering_ecumenical_altar_rust
D:2:      layout_basic, minmay_pentomino_v4, uniq_sigmund
D:3:      layout_loops_cross, lemuel_doored_altar, st_stairs_5, uniq_grinder,
          uniq_robin

Skill      XL: |  1  2 |
---------------+-------+-----
Axes           | 4 5 |  5.9
Fighting       | |  3.6
Dodging        | |  3.2
Stealth        | |  1.5

Action                   || total
-------------------------++-------
Melee: Hand axe          ||    74
       Headbutt          ||    19
       Punch             ||     1
  Use: Scroll            ||     2
       Potion            ||     1
 Stab: Sleeping          ||     2
Armor: Robe              ||    17
Dodge: Dodged            ||    44
